[Event "Titled Tuesday Blitz March 28 Early 2023"]
[White "Castellanos Villela, Alejandro"]
[Black "Valgmae, Toomas"]
[WhiteFideId "3446379"]
[BlackFideId "4502523"]
[WhiteElo "2102"]
[BlackElo "2170"]
[Result "1/2-1/2"]
[Round "11"]
[TimeControl "180+2"]
[Date "2023.03.28"]
[WhiteClock "0:00:09"]
[BlackClock "0:00:16"]

1. e4 d6 2. d4 Nf6 3. Nc3 g6 4. Be3 c6 5. Qd2 b5 6. Bd3 Nbd7 7. h3 Nb6 8. f4 Nc4 9. Bxc4 bxc4 10. e5 Nd5 11. Nf3 Rb8 12. Rb1 Bg7 13. O-O O-O 14. Ne4 Ba6 15. c3 Bc8 16. g4 f6 17. Ng3 Qa5 18. a3 Nxe3 19. Qxe3 Qd5 20. exf6 exf6 21. f5 Bd7 22. Qe4 Rfe8 23. Qxd5+ cxd5 24. Kf2 Ba4 25. Rfe1 Kf7 26. Rxe8 Bxe8 27. fxg6+ hxg6 28. g5 Ba4 29. gxf6 Bxf6 30. Ne1 Bh4 31. Kg2 Re8 32. Kf3 Bxg3 33. Kxg3 Re2 34. Ng2 Kg7 35. Nf4 Rd2 36. Nxd5 Bc2 37. Re1 Kh6 38. Re7 Bb1 39. Nf6 g5 40. Ng4+ Kg6 41. Re6+ Kf7 42. Rxd6 Rxb2 43. Ne5+ Ke7 44. Nxc4 Rb3 45. Rc6 Rxc3+ 46. Kg4 Ba2 47. Ne5 Rxa3 48. Kxg5 Be6 49. Ng6+ Kd7 50. Ne5+ Ke7 51. h4 Rg3+ 52. Kf4 Rh3 53. Ng6+ Kd7 54. Ne5+ Ke7 55. Kg5 Rg3+ 56. Kf4 Rh3 1/2-1/2


[Site "https://www.chess.com"]

[Event "Titled Tuesday Blitz March 28 Early 2023"]
[White "Fernandez Garcia, Gumersindo"]
[Black "Bilan, Danila"]
[WhiteFideId "24516740"]
[BlackFideId "24161918"]
[WhiteElo "2093"]
[BlackElo "2182"]
[Result "1-0"]
[Round "11"]
[TimeControl "180+2"]
[Date "2023.03.28"]
[WhiteClock "0:00:48"]
[BlackClock "0:00:03"]

1. e4 c6 2. c4 d5 3. cxd5 cxd5 4. exd5 a6 5. Nc3 Nf6 6. Nf3 Nxd5 7. d4 Nc6 8. Bc4 e6 9. O-O Be7 10. Nxd5 exd5 11. Bd3 Bg4 12. h3 Bh5 13. Re1 O-O 14. Bf4 Nxd4 15. Bxh7+ Kxh7 16. Qxd4 Bxf3 17. gxf3 Bf6 18. Be5 Re8 19. Bxf6 Qxf6 20. Qxf6 gxf6 21. Red1 Re2 22. b3 Rd8 23. Rd3 Kg6 24. a4 Kf5 25. Rad1 Ke6 26. Re3+ Rxe3 27. fxe3 Rc8 28. Kf2 Rc2+ 29. Kg3 Rc3 30. h4 Rxe3 31. h5 Re5 32. Rh1 Rg5+ 33. Kf4 Rf5+ 34. Ke3 Rg5 35. h6 Rg8 36. Kd4 Rh8 37. h7 f5 38. Rh6+ f6 39. f4 b6 40. b4 a5 41. b5 Kd6 42. Rxf6+ Ke7 43. Rh6 Kf7 44. Kxd5 1-0


[Site "https://www.chess.com"]

[Event "Titled Tuesday Blitz March 28 Early 2023"]
[White "Fiorito, Joaquin"]
[Black "Vaglio Munoz, Jaime"]
[WhiteFideId "180173"]
[BlackFideId "6500145"]
[WhiteElo "2157"]
[BlackElo "2199"]
[Result "1-0"]
[Round "11"]
[TimeControl "180+2"]
[Date "2023.03.28"]
[WhiteClock "0:00:07"]
[BlackClock "0:00:01"]

1. d4 e6 2. c4 d5 3. Nf3 dxc4 4. g3 Bd7 5. Bg2 Bc6 6. O-O Nf6 7. Nbd2 b5 8. a4 a6 9. Qc2 Nd5 10. Ne5 Nb4 11. Nxc6 N8xc6 12. Bxc6+ Nxc6 13. e3 Nb4 14. Qd1 c6 15. b3 c3 16. Ne4 c2 17. Qd2 Qd5 18. Nc3 Qxb3 19. Ba3 Rc8 20. Ne4 a5 21. Rfc1 Be7 22. Bxb4 Bxb4 23. Qxc2 Qxc2 24. Rxc2 Ke7 25. Rac1 Kd7 26. Kf1 bxa4 27. Ke2 a3 28. Kd3 f5 29. Nc5+ Ke7 30. Na4 Kd6 31. Nb6 Rc7 32. Nc4+ Ke7 33. Ne5 Rhc8 34. Nxc6+ Kd6 35. Ne5 Rxc2 36. Rxc2 Rxc2 37. Kxc2 a4 38. Nd3 Ba5 39. Nc5 Be1 40. Nd3 1-0


[Site "https://www.chess.com"]

[Event "Titled Tuesday Blitz March 28 Early 2023"]
[White "Zacurdajev, Dmitry"]
[Black "Ibadov, Dashgyn"]
[WhiteFideId "4196309"]
[BlackFideId "24107514"]
[WhiteElo "2179"]
[BlackElo "2208"]
[Result "1-0"]
[Round "11"]
[TimeControl "180+2"]
[Date "2023.03.28"]
[WhiteClock "0:00:05"]
[BlackClock "0:00:07"]

1. d4 Nf6 2. c4 c5 3. d5 d6 4. Nc3 g6 5. Bf4 Bg7 6. h3 O-O 7. e3 e6 8. Nf3 exd5 9. cxd5 Na6 10. Be2 Nc7 11. O-O Re8 12. a4 Ne4 13. Qb3 b6 14. Rfd1 Ba6 15. Bxa6 Nxa6 16. Nxe4 Rxe4 17. Qd3 Rxf4 18. exf4 Nb4 19. Qe2 Qf6 20. Rab1 Qxf4 21. Qe7 Bf6 22. Qb7 Re8 23. Qxa7 Re2 24. Qxb6 Bh4 25. Nxh4 Qxf2+ 26. Kh1 Qxh4 27. Qxd6 Qg5 28. Qh2 Nxd5 29. Re1 Rf2 30. Re8+ Kg7 31. Qe5+ Qxe5 32. Rxe5 Nf4 33. Rxc5 Nxg2 34. a5 Nh4 35. Kg1 Rd2 36. Rf1 Rxb2 37. Rc7 Nf5 38. a6 Ra2 39. a7 h5 40. Rf2 Ra3 41. Rb2 Nd4 42. Rb8 Nf3+ 43. Kf2 Ng5 44. a8=Q Rxa8 45. Rxa8 Nxh3+ 46. Kg3 Ng5 47. Raa7 Kf6 48. Kh4 Nf3+ 49. Kg3 Ne5 50. Ra6+ Kf5 51. Rc5 f6 52. Rb5 g5 53. Rbb6 h4+ 54. Kg2 Ng4 55. Rc6 Kg6 56. Ra4 Kh5 57. Ra8 f5 58. Rh8+ Nh6 59. Rhxh6+ Kg4 60. Rc4+ f4 61. Rg6 h3+ 62. Kh2 Kh4 63. Rg8 Kg4 64. Rc5 Kh4 65. Rcxg5 f3 66. Rg3 f2 67. Rh8# 1-0


[Site "https://www.chess.com"]

[Event "Titled Tuesday Blitz March 28 Early 2023"]
[White "Perez Rodriguez, Jennifer"]
[Black "Jeet, Jain"]
[WhiteFideId "3507831"]
[BlackFideId "5073022"]
[WhiteElo "2170"]
[BlackElo "2067"]
[Result "0-1"]
[Round "11"]
[TimeControl "180+2"]
[Date "2023.03.28"]
[WhiteClock "0:00:15"]
[BlackClock "0:00:49"]

1. e4 Nc6 2. d4 d6 3. Nc3 Nf6 4. Nf3 Bg4 5. Be2 Bxf3 6. Bxf3 e5 7. dxe5 dxe5 8. Bg5 Bb4 9. O-O Bxc3 10. bxc3 Qe7 11. Rb1 b6 12. Be2 O-O 13. Bb5 Rad8 14. Qf3 Rd6 15. Rbd1 Rfd8 16. Rd3 h6 17. Bh4 g5 18. Bg3 Na5 19. Rfd1 Kg7 20. Qf5 c6 21. Ba6 Rxd3 22. Bxd3 Nd7 23. h4 f6 24. Be2 Nf8 25. Rxd8 Qxd8 26. hxg5 hxg5 27. Bd3 Qd7 28. Qf3 Ne6 29. Qg4 Nc5 30. Qxd7+ Nxd7 31. f3 c5 32. Bb5 Nf8 33. c4 Ne6 34. Be1 Nb7 35. Bc6 Nd6 36. Bd5 Nd4 37. c3 Nc2 38. Bd2 Na3 39. Kf2 Naxc4 40. Bc1 Na5 41. g3 Nab7 42. f4 gxf4 43. gxf4 Nd8 44. f5 N8f7 45. Kg3 Nb5 46. Bd2 Nfd6 47. Kf3 Nc7 48. Ke3 Nxd5+ 49. exd5 Nxf5+ 50. Ke4 Nd6+ 51. Kd3 f5 0-1


[Site "https://www.chess.com"]

[Event "Titled Tuesday Blitz March 28 Early 2023"]
[White "Shevtchenko, Olesya"]
[Black "Balague Camps, Marc"]
[WhiteFideId "24131890"]
[BlackFideId "2297914"]
[WhiteElo "2003"]
[BlackElo "2089"]
[Result "1-0"]
[Round "11"]
[TimeControl "180+2"]
[Date "2023.03.28"]
[WhiteClock "0:01:01"]
[BlackClock "0:00:37"]

1. e4 c5 2. Nc3 e6 3. Nf3 Nc6 4. Bb5 Nge7 5. O-O Nd4 6. Nxd4 cxd4 7. Ne2 g6 8. Nxd4 Qb6 9. c3 e5 10. Bc4 exd4 11. Qf3 f6 12. d3 Bg7 13. cxd4 Qxd4 14. Be3 Qxb2 15. Rab1 Qe5 16. Rb5 Qc7 17. Rc1 Qd8 18. Bf4 d6 19. Qg3 a6 20. Rb2 b5 21. Bb3 f5 22. Rbc2 fxe4 23. dxe4 d5 24. exd5 Nf5 25. Re1+ Kf8 26. Qf3 Ra7 27. Rce2 Rf7 28. d6 Nd4 29. Re8+ Qxe8 30. Rxe8+ Kxe8 31. Qe4+ Be6 32. Bxe6 Rxf4 33. Qa8# 1-0


[Site "https://www.chess.com"]

[Event "Titled Tuesday Blitz March 28 Early 2023"]
[White "Vedder, Richard"]
[Black "Karamsetty, Jeevan"]
[WhiteFideId "1004166"]
[BlackFideId "2025337"]
[WhiteElo "2168"]
[BlackElo "2111"]
[Result "0-1"]
[Round "11"]
[TimeControl "180+2"]
[Date "2023.03.28"]
[WhiteClock "0:00:18"]
[BlackClock "0:00:05"]

1. d4 Nf6 2. c4 e6 3. Nc3 d5 4. cxd5 exd5 5. Bg5 c6 6. e3 h6 7. Bh4 Be7 8. Bd3 O-O 9. Qc2 Nbd7 10. Nge2 a6 11. O-O Nb6 12. f3 Re8 13. Rae1 Nc4 14. Bxc4 dxc4 15. e4 b5 16. e5 Nd5 17. Bxe7 Qxe7 18. Nxd5 cxd5 19. f4 f5 20. a3 a5 21. Nc3 Qb7 22. a4 b4 23. Nb5 Qc6 24. Kh1 Be6 25. g4 Rf8 26. g5 hxg5 27. fxg5 g6 28. Nd6 Kg7 29. Rf4 b3 30. Qf2 Qxa4 31. Kg2 Rh8 32. h4 Qc6 33. Rh1 Rh5 34. Qe2 c3 35. bxc3 a4 36. Qb5 Qxb5 37. Nxb5 a3 38. Nc7 Rb8 39. Nxe6+ Kf7 40. Nc5 b2 41. Rff1 a2 42. Na4 Rxh4 43. Nxb2 Rxb2+ 44. Kg3 Rxh1 45. Rxh1 Rb1 46. Rh7+ Kg8 47. Ra7 a1=Q 0-1


[Site "https://www.chess.com"]

[Event "Titled Tuesday Blitz March 28 Early 2023"]
[White "Yelisieiev, Yevhenii"]
[Black "Valle Maytin, Luis Enrique"]
[WhiteFideId "14139642"]
[BlackFideId "3503666"]
[WhiteElo "2447"]
[BlackElo "2225"]
[Result "1-0"]
[Round "11"]
[TimeControl "180+2"]
[Date "2023.03.28"]
[WhiteClock "0:00:18"]
[BlackClock "0:00:18"]

1. d4 Nf6 2. Nf3 d5 3. e3 c6 4. Bd3 g6 5. b3 Bg7 6. Bb2 O-O 7. O-O Nbd7 8. Nbd2 Re8 9. c4 e5 10. dxe5 Ng4 11. cxd5 cxd5 12. Bb5 Ngxe5 13. Nxe5 Nxe5 14. Bxe8 Qxe8 15. Bd4 Bg4 16. f3 Be6 17. Rc1 a6 18. Rc7 Rc8 19. Rxc8 Qxc8 20. Qa1 f6 21. Rc1 Qd7 22. Qc3 Kf7 23. Qc7 Nc6 24. Qxd7+ Bxd7 25. Bb2 Ke6 26. Kf2 Bf8 27. a3 Bd6 28. g3 f5 29. b4 Ne5 30. Bxe5 Bxe5 31. Nb3 b6 32. Nd4+ Kd6 33. f4 Bf6 34. Ke2 h5 35. Nf3 Bb2 36. Rb1 Bxa3 37. Rb3 Bc1 38. Nd4 a5 39. Kd1 a4 40. Rb1 Ba3 41. Nc2 Bxb4 42. Rxb4 b5 43. Kd2 Kc5 44. Kc3 Bc6 45. Na3 Bd7 46. Nc2 Bc6 47. Rb1 Bd7 48. Nb4 Be6 49. Nd3+ Kb6 50. Kb4 Bd7 51. Ne5 Be8 52. Rd1 Bc6 53. Nxg6 a3 54. Ra1 a2 55. Rxa2 d4 56. exd4 Be4 57. Ne7 Bb1 58. Re2 Be4 59. Rxe4 fxe4 60. Nd5+ Kc6 61. Ne3 Kd6 62. Kxb5 Kd7 63. Kc5 Ke7 64. Kd5 Kf6 65. Kxe4 h4 66. f5 h3 67. Kf4 Ke7 68. Kg4 Kf7 69. Kxh3 Kf6 70. Kg4 Kg7 71. Kf4 Kf7 72. g4 Kf6 73. g5+ Kf7 74. Ke5 Ke7 75. g6 Kf8 76. f6 Kg8 77. Ke6 Kf8 78. h4 Ke8 79. h5 Kf8 80. h6 Kg8 81. d5 Kf8 82. d6 Kg8 83. Nd5 Kf8 84. Ne7 Ke8 85. h7 Kd8 1-0


[Site "https://www.chess.com"]

[Event "Titled Tuesday Blitz March 28 Early 2023"]
[White "Krzywda, Andrzej"]
[Black "Turzo, Attila"]
[WhiteFideId "1114565"]
[BlackFideId "704954"]
[WhiteElo "2155"]
[BlackElo "2507"]
[Result "0-1"]
[Round "11"]
[TimeControl "180+2"]
[Date "2023.03.28"]
[WhiteClock "0:00:04"]
[BlackClock "0:00:09"]

1. e4 c5 2. Nf3 Nc6 3. d4 cxd4 4. Nxd4 g6 5. Nc3 Bg7 6. Be3 Nf6 7. Be2 O-O 8. O-O d5 9. exd5 Nxd5 10. Nxc6 bxc6 11. Nxd5 cxd5 12. c3 e5 13. Qd2 d4 14. cxd4 exd4 15. Bh6 Bxh6 16. Qxh6 Qb6 17. b3 Bf5 18. Rad1 Rfd8 19. Bd3 Bxd3 20. Rxd3 Rd6 21. h4 Rd5 22. Re1 Qf6 23. g3 Rad8 24. Kg2 a5 25. Rf3 Rf5 26. Rf4 d3 27. Rd1 Qc6+ 28. Kh2 Rh5 29. Rc4 Qxc4 30. Qxh5 Qe4 31. Qxa5 Rd5 32. Qd2 Qe2 33. Kg2 Qe4+ 34. Kg1 h5 35. Re1 Qd4 36. b4 Kg7 37. a3 Rf5 38. Re3 Rd5 39. Kg2 Qc4 40. Qb2+ Kh7 41. Re8 Rd4 42. Qd2 Qc6+ 43. Kg1 Qxe8 44. b5 Qe2 45. Qf4 Rxf4 46. gxf4 d2 47. b6 d1=Q+ 48. Kh2 Qxf2+ 49. Kh3 Qdf3# 0-1


[Site "https://www.chess.com"]

[Event "Titled Tuesday Blitz March 28 Early 2023"]
[White "Jumanov, Elbek"]
[Black "Gutkin, Ilya"]
[WhiteFideId "14202905"]
[BlackFideId "16203470"]
[WhiteElo "2055"]
[BlackElo "2265"]
[Result "1-0"]
[Round "11"]
[TimeControl "180+2"]
[Date "2023.03.28"]
[WhiteClock "0:00:15"]
[BlackClock "0:00:05"]

1. c4 c5 2. Nf3 g6 3. Nc3 Bg7 4. d4 cxd4 5. Nxd4 Nc6 6. Nc2 Bxc3+ 7. bxc3 Qa5 8. Qd3 d6 9. g3 Nf6 10. Bg2 Bf5 11. e4 Ne5 12. Qd4 Bh3 13. O-O Bxg2 14. Kxg2 Rc8 15. Ne3 O-O 16. f4 Nc6 17. Qd3 Nd7 18. Bd2 Nc5 19. Qc2 Qa4 20. Qb1 Na5 21. Qb4 b6 22. Nd5 Rfe8 23. e5 Qc2 24. Rad1 Qe4+ 25. Kg1 dxe5 26. fxe5 Nxc4 27. Bg5 Qxe5 28. Bf4 Qe4 29. Rd4 Nd3 30. Rxe4 Nxb4 31. cxb4 e5 32. Nf6+ Kf8 33. Bh6+ Ke7 34. Nxe8 Rxe8 35. Rxc4 1-0


[Site "https://www.chess.com"]

[Event "Titled Tuesday Blitz March 28 Early 2023"]
[White "Mika, Tomasz"]
[Black "Lehtosaari, Mauri"]
[WhiteFideId "1132970"]
[BlackFideId "501999"]
[WhiteElo "2179"]
[BlackElo "2505"]
[Result "1-0"]
[Round "11"]
[TimeControl "180+2"]
[Date "2023.03.28"]
[WhiteClock "0:00:15"]
[BlackClock "0:00:29"]

1. Nf3 d5 2. c4 c6 3. b3 Nf6 4. Bb2 Bg4 5. Ne5 Bf5 6. d3 Nbd7 7. Nxd7 Qxd7 8. g3 e6 9. Bg2 Be7 10. O-O O-O 11. Nd2 a5 12. a3 h6 13. Rc1 Rfe8 14. Rc2 Rad8 15. Qa1 Bg4 16. Re1 Rf8 17. h3 Ne8 18. hxg4 Bf6 19. Nf3 Bxb2 20. Qxb2 Qd6 21. g5 h5 22. c5 Qe7 23. Qd4 g6 24. Qf4 Ng7 25. g4 Rfe8 26. Ne5 d4 27. b4 axb4 28. axb4 Ra8 29. Nc4 Ra4 30. Nd6 Rea8 31. Qf6 Qd7 32. gxh5 Nxh5 33. Qxd4 Qe7 34. Qh4 Ra1 35. Rcc1 R1a2 36. Ne4 Kg7 37. Bf3 Rh8 38. Bxh5 Rxh5 39. Qf4 Ra4 40. Qe5+ Kf8 41. Ra1 Ra6 42. Rxa6 bxa6 43. Qd6 Qxd6 44. cxd6 Rh4 45. Ra1 f5 46. gxf6 Kf7 47. Rxa6 e5 48. d7 Rh8 49. Rxc6 Rd8 50. Rd6 g5 51. b5 g4 52. b6 g3 53. fxg3 Kg6 54. b7 Kf5 55. b8=Q Rg8 56. Kf2 Rxb8 57. d8=Q Rb7 58. Qc8+ Kg6 59. Qxb7 Kh5 60. Qh7+ Kg4 61. Qh4+ Kf5 62. g4+ Kf4 63. e3# 1-0


[Site "https://www.chess.com"]

[Event "Titled Tuesday Blitz March 28 Early 2023"]
[White "Novikov, Evgenij"]
[Black "Vadim_Galchenko"]
[WhiteFideId "4125380"]
[WhiteElo "2242"]
[BlackElo "2353"]
[Result "0-1"]
[Round "11"]
[TimeControl "180+2"]
[Date "2023.03.28"]
[WhiteClock "0:00:03"]
[BlackClock "0:00:07"]

1. f4 e5 2. e4 exf4 3. Nf3 Nf6 4. Nc3 d5 5. exd5 Nxd5 6. Bc4 Be6 7. Qe2 Be7 8. Nxd5 Bxd5 9. Bxd5 Qxd5 10. O-O Nc6 11. d3 O-O 12. Bxf4 Rae8 13. Qd2 Bc5+ 14. Kh1 Re7 15. Rfe1 Rfe8 16. a3 a5 17. Rxe7 Rxe7 18. Re1 Qd7 19. Rxe7 Qxe7 20. d4 Bd6 21. Bg5 Qe4 22. Kg1 b6 23. Be3 h6 24. c3 Ne7 25. Bf2 Nd5 26. c4 Bf4 27. Qe1 Nf6 28. Qxe4 Nxe4 29. Ne1 Nd2 30. c5 Nc4 31. Nd3 Bd2 32. b4 a4 33. cxb6 cxb6 34. d5 b5 35. Nc5 Nxa3 36. d6 Bg5 37. h4 Bf6 38. d7 Nc4 39. Ne4 Bd8 40. Bd4 a3 41. Kf2 Kf8 42. Kf3 Ke7 43. Nc5 Kd6 44. Bxg7 a2 45. Bf8+ Kc7 46. Bg7 Be7 47. Bd4 Bxc5 48. bxc5 Kxd7 49. g4 Ke6 50. Kf4 b4 51. g5 hxg5+ 52. Kxg5 b3 53. h5 b2 54. Bxb2 Nxb2 55. h6 a1=Q 56. h7 Nc4 57. Kh6 Qf6+ 58. Kh5 Qg6+ 0-1


[Site "https://www.chess.com"]

[Event "Titled Tuesday Blitz March 28 Early 2023"]
[White "Jaskolka, Tomasz"]
[Black "Rodriguez Santiago, Jaime"]
[WhiteFideId "1170791"]
[BlackFideId "3100898"]
[WhiteElo "2155"]
[BlackElo "2025"]
[Result "1-0"]
[Round "11"]
[TimeControl "180+2"]
[Date "2023.03.28"]
[WhiteClock "0:00:33"]
[BlackClock "0:00:19"]

1. e4 c6 2. Nc3 d5 3. Nf3 dxe4 4. Nxe4 Nf6 5. Nxf6+ exf6 6. Bc4 Bd6 7. d4 O-O 8. Be3 Re8 9. Qd2 Nd7 10. O-O-O Nf8 11. h4 b5 12. Bb3 a5 13. a4 Bf5 14. Rdg1 Be4 15. Rh3 Rb8 16. g4 bxa4 17. Bxa4 Rb4 18. b3 Qe7 19. g5 f5 20. c3 Rb7 21. Kd1 Reb8 22. Qa2 f4 23. Bc1 c5 24. Re1 Bxf3+ 25. Rxf3 Qc7 26. d5 Nd7 27. c4 Ne5 28. Rc3 f3 29. Qc2 g6 30. Bb2 Re8 31. Rce3 Qd8 32. Qc3 Rbe7 33. Bxe8 Qxe8 34. Rxe5 Rxe5 35. Rxe5 Bxe5 36. Qxe5 Qxe5 37. Bxe5 Kf8 38. Bd6+ Ke8 39. Bxc5 Kd7 40. Bb6 1-0


[Site "https://www.chess.com"]

[Event "Titled Tuesday Blitz March 28 Early 2023"]
[White "Ljukin, Sergei"]
[Black "mjelcic"]
[WhiteFideId "14102200"]
[WhiteElo "2312"]
[BlackElo "2263"]
[Result "1-0"]
[Round "11"]
[TimeControl "180+2"]
[Date "2023.03.28"]
[WhiteClock "0:00:39"]
[BlackClock "0:01:18"]

1. e4 c5 2. Nf3 g6 3. c4 Nc6 4. d4 cxd4 5. Nxd4 Nf6 6. Nc3 d6 7. Be2 Nxd4 8. Qxd4 Bg7 9. Be3 O-O 10. Qd2 Be6 11. f3 Qa5 12. Rc1 Rfc8 13. Nd5 Qxd2+ 14. Kxd2 Nxd5 15. cxd5 Bd7 16. Rxc8+ Rxc8 17. Rc1 Rxc1 18. Kxc1 b6 19. Kc2 f5 20. b3 Kf7 21. a4 fxe4 22. fxe4 Be5 23. h3 e6 24. a5 exd5 25. exd5 Bf5+ 26. Bd3 Bxd3+ 27. Kxd3 bxa5 28. Bxa7 Bg3 29. Bb6 Be1 30. Bd4 Bb4 31. Kc4 h5 32. Kb5 Ke7 33. Bb6 Kf6 34. Bxa5 Bxa5 35. Kxa5 Ke5 36. b4 Kxd5 37. b5 1-0


[Site "https://www.chess.com"]

[Event "Titled Tuesday Blitz March 28 Early 2023"]
[White "Baches Garcia, Guillermo"]
[Black "Kosteniuk, Alexandra"]
[WhiteFideId "2209764"]
[BlackFideId "4128125"]
[WhiteElo "2452"]
[BlackElo "2453"]
[Result "1/2-1/2"]
[Round "11"]
[TimeControl "180+2"]
[Date "2023.03.28"]
[WhiteClock "0:00:03"]
[BlackClock "0:00:04"]

1. e4 c5 2. Nf3 Nc6 3. d4 cxd4 4. Nxd4 Nf6 5. Nc3 e6 6. Nxc6 bxc6 7. e5 Nd5 8. Ne4 Qc7 9. f4 f5 10. exf6 gxf6 11. Qf3 f5 12. Ng5 h5 13. c4 Nf6 14. Bd2 Bb7 15. Bc3 c5 16. Qe2 Be7 17. Be5 Qa5+ 18. Bc3 Qc7 19. Be5 Qa5+ 20. Bc3 Qa6 21. Rg1 h4 22. a3 Rg8 23. O-O-O O-O-O 24. Be5 Rxg5 25. fxg5 Ne4 26. g6 d6 27. g7 Rg8 28. Qh5 Bg5+ 29. Kb1 Qa4 30. Bd3 dxe5 31. Bxe4 Bxe4+ 32. Ka1 Be7 33. Qf7 Qe8 34. Qxe6+ Kb8 35. Qxe5+ Ka8 36. Rge1 Bg5 37. Qc7 Qb8 38. Qf7 Qe8 39. Rd7 Qxf7 40. Rxf7 Bh6 41. Rf8+ Rxf8 42. gxf8=Q+ Bxf8 43. Rd1 Be7 44. Rd7 Bg5 45. Rg7 Bf4 46. g3 hxg3 47. hxg3 Be5 48. Re7 Bxg3 49. b4 Bd6 50. Rf7 cxb4 51. axb4 Bxb4 52. Kb2 Kb8 53. Kb3 Bc5 54. Ka4 Bc6+ 55. Ka5 Bb6+ 56. Ka6 Kc8 57. Rxf5 Bb7+ 58. Kb5 Bd8 59. c5 a6+ 60. Kc4 Bc6 61. Rf7 a5 62. Ra7 Kb8 63. Rh7 Bc7 64. Rh6 Kb7 65. Rg6 Bd7 66. Rh6 Be8 67. Rf6 a4 68. Kb4 Bd7 69. Rf1 Bc6 70. Ra1 Bf4 71. Rxa4 Bd2+ 72. Ka3 Bb5 73. Rb4 Kc6 74. Rxb5 Kxb5 75. Kb2 Bb4 76. Kc2 Bxc5 1/2-1/2


[Site "https://www.chess.com"]

[Event "Titled Tuesday Blitz March 28 Early 2023"]
[White "Vafin, Ayrat"]
[Black "Kucuksari, Kaan"]
[WhiteFideId "4146530"]
[BlackFideId "6380166"]
[WhiteElo "2317"]
[BlackElo "2364"]
[Result "1/2-1/2"]
[Round "11"]
[TimeControl "180+2"]
[Date "2023.03.28"]
[WhiteClock "0:00:13"]
[BlackClock "0:00:11"]

1. Nf3 Nf6 2. g3 b5 3. Bg2 Bb7 4. d3 e5 5. O-O d6 6. a4 b4 7. a5 Be7 8. Nbd2 O-O 9. e4 c5 10. Nc4 Bc8 11. Nh4 Nc6 12. Nf5 Be6 13. Bg5 h6 14. Bxf6 Bxf6 15. Nfxd6 g6 16. Qd2 Bg7 17. Rad1 Nxa5 18. Nxa5 Qxa5 19. f4 exf4 20. gxf4 Qb6 21. e5 Rad8 22. Kh1 Rxd6 23. exd6 Bxb2 24. f5 Bxf5 25. Rxf5 gxf5 26. Qxh6 Bg7 27. Qf4 Rd8 28. Qxf5 Qxd6 29. Be4 Qg6 30. Qxc5 Qd6 31. Qf5 Qg6 32. Qc5 Qd6 33. Qxa7 Bd4 34. Qa5 Qf6 35. Qh5 Kf8 36. Qh3 Ke7 37. Rf1 Qg5 38. Qh7 Rf8 39. Qh3 Rg8 40. Qg2 f6 41. Qxg5 Rxg5 42. Rb1 Bc3 43. Rf1 Be5 44. h3 Rg3 45. Rf3 Rg5 46. h4 Rg4 47. Rh3 Kf7 48. h5 Kg7 49. h6+ Kh8 50. h7 Rg5 51. Rf3 Bd4 52. Kh2 Be5+ 53. Kh3 Bd4 54. Kh4 Be5 55. Kh3 Bd4 56. Bf5 Be5 57. Rf1 Bd4 58. Be4 Be5 59. Rd1 f5 60. Bd5 Kxh7 61. Bb3 Bd4 62. Rf1 Kg7 63. Re1 f4 64. Re7+ Kh6 65. Re6+ Kh5 66. Re8 Rg3+ 67. Kh2 Be3 68. Rh8+ Kg4 69. Bd5 Bd4 70. Rg8+ Kh4 71. Rxg3 fxg3+ 72. Kg2 Kg4 73. Bf3+ Kf4 74. Bd5 Ke3 75. Bb3 Be5 76. Ba4 Kd4 77. Bb3 Kc3 78. Ba4 Kb2 79. Bb3 Ka3 80. Kf3 Bd6 81. Kg2 Kb2 82. Kf3 Kc1 83. Kg2 Kd1 84. Ba4 Kd2 85. Bb3 Ke3 86. Ba4 Kd4 87. Bb3 Bc7 88. Kf3 Kc3 89. Kg2 Kd2 90. Kf3 Kc3 91. Kg2 Kd4 92. Kf3 Kc3 1/2-1/2


[Site "https://www.chess.com"]

[Event "Titled Tuesday Blitz March 28 Early 2023"]
[White "Gonzalez, Francisco Silva"]
[Black "Belozerov, Andrei"]
[WhiteFideId "1512285"]
[BlackFideId "4120213"]
[WhiteElo "2074"]
[BlackElo "2360"]
[Result "1/2-1/2"]
[Round "11"]
[TimeControl "180+2"]
[Date "2023.03.28"]
[WhiteClock "0:00:07"]
[BlackClock "0:00:05"]

1. d4 Nf6 2. c4 e6 3. Nc3 Bb4 4. a3 Bxc3+ 5. bxc3 c5 6. e3 O-O 7. Bd3 Nc6 8. e4 Ne8 9. Nf3 b6 10. e5 f5 11. d5 Na5 12. Bg5 Qc7 13. d6 Qc6 14. O-O Ba6 15. Nd2 Rf7 16. a4 h6 17. Be7 Nc7 18. f4 Rxe7 19. dxe7 Re8 20. Qh5 Rxe7 21. Rf3 d6 22. Rg3 dxe5 23. fxe5 Qd7 24. h4 Nc6 25. Re1 Bb7 26. Kh2 Ne8 27. Re2 Kf8 28. Ree3 Rf7 29. Re2 Ke7 30. Bc2 Qc7 31. Rge3 Kd8 32. Kg1 Kc8 33. Bxf5 exf5 34. e6 Re7 35. Qxf5 Nf6 36. Ne4 Nxe4 37. Rxe4 Nd8 38. Re5 Qc6 39. Qf8 Qd6 40. h5 Rxe6 41. Qxg7 Rxe5 42. Qxe5 Qxe5 43. Rxe5 Kd7 44. Rf5 Ke7 45. g4 Nf7 46. a5 Ke6 47. axb6 axb6 48. Kf2 Be4 49. Rf4 Bh7 50. Kg3 Ne5 51. Rf8 Bd3 52. Rh8 Nf7 53. Rb8 Bxc4 54. Rxb6+ Ke5 55. Kf3 Bd5+ 56. Ke3 Be6 57. Rc6 Kd5 58. Rc7 Ke5 59. Rxc5+ Kd6 60. Kd4 Bxg4 61. Ra5 Be6 62. c4 Ke7 63. Ra7+ Kf6 64. c5 Nd8 65. Rc7 Kg5 66. Ke5 Bg4 67. c6 Nxc6+ 68. Rxc6 Bxh5 69. Rc5 Bg4 70. Ke4+ Kh4 71. Kf4 h5 72. Rg5 Kh3 73. Rxh5+ Bxh5 1/2-1/2


[Site "https://www.chess.com"]

[Event "Titled Tuesday Blitz March 28 Early 2023"]
[White "Saya, Ethan"]
[Black "Kim, Sergey"]
[WhiteFideId "26095181"]
[BlackFideId "13700570"]
[WhiteElo "2150"]
[BlackElo "2601"]
[Result "1-0"]
[Round "11"]
[TimeControl "180+2"]
[Date "2023.03.28"]
[WhiteClock "0:00:02"]
[BlackClock "0:00:18"]

1. e4 e5 2. Nf3 Nc6 3. Bc4 Bc5 4. c3 Nf6 5. d4 exd4 6. cxd4 Bb4+ 7. Bd2 Bxd2+ 8. Nbxd2 d5 9. exd5 Nxd5 10. Qb3 Nce7 11. O-O O-O 12. Rfe1 c6 13. Ne5 Nf5 14. Bxd5 Qxd5 15. Qxd5 cxd5 16. Ndf3 Be6 17. Rac1 Rfc8 18. Kf1 f6 19. Nd3 Bd7 20. Nf4 Bc6 21. Ke2 Kf7 22. Kd2 g5 23. Ne2 Nd6 24. Nc3 Ne4+ 25. Nxe4 dxe4 26. Ng1 Bd5 27. a3 f5 28. Ne2 f4 29. Nc3 Ke6 30. Nxe4 Rxc1 31. Kxc1 Bxe4 32. Rxe4+ Kd5 33. Re5+ Kxd4 34. Rxg5 Re8 35. Kd2 Re7 36. f3 Kc4 37. Rg4 Kb3 38. Rxf4 Kxb2 39. a4 Ka3 40. g4 Rd7+ 41. Ke3 Rc7 42. h4 Rc3+ 43. Kf2 Rc7 44. g5 a6 45. Kg3 b5 46. axb5 axb5 47. Rf6 b4 48. Rb6 b3 49. f4 b2 50. Kg4 Rc4 51. Rxb2 Kxb2 52. h5 Rc1 53. g6 hxg6 54. hxg6 Kc3 55. f5 Rf1 56. Kg5 Kd4 57. f6 Ke5 58. f7 Ke6 59. Kh6 Ke7 60. Kg7 Rg1 61. f8=Q+ 1-0


[Site "https://www.chess.com"]

[Event "Titled Tuesday Blitz March 28 Early 2023"]
[White "Mazurkiewicz, Michal"]
[Black "Belov, Alexei"]
[WhiteFideId "1124943"]
[BlackFideId "4128206"]
[WhiteElo "2054"]
[BlackElo "2547"]
[Result "1/2-1/2"]
[Round "11"]
[TimeControl "180+2"]
[Date "2023.03.28"]
[WhiteClock "0:00:06"]
[BlackClock "0:00:23"]

1. e4 e6 2. d3 d5 3. Nd2 Nf6 4. Ngf3 Nc6 5. c3 e5 6. exd5 Nxd5 7. Nc4 f6 8. g3 Bc5 9. Bg2 a5 10. O-O O-O 11. a4 Kh8 12. Qb3 Nb6 13. Be3 Qe7 14. Bxc5 Qxc5 15. Nxb6 cxb6 16. Rad1 Bg4 17. h3 Bh5 18. g4 Bf7 19. Qb5 Rfd8 20. Rfe1 Qxb5 21. axb5 Na7 22. d4 Bb3 23. Rc1 Nxb5 24. dxe5 fxe5 25. Rxe5 Nd6 26. Nd4 Bg8 27. Re7 a4 28. Nf5 Nxf5 29. gxf5 Rd2 30. Rce1 Rxb2 31. Re8 Rxe8 32. Rxe8 Rd2 33. Bf1 Rd1 34. Kg2 Rxf1 35. Kxf1 a3 36. Ra8 a2 37. Ke1 h5 38. Kd2 Kh7 39. Kc1 Bc4 40. Kb2 Kh6 41. h4 g6 42. fxg6 Kxg6 43. Rd8 Kf5 44. Rd6 b5 45. Rd4 Ke5 46. Ka1 Kf5 47. Kb2 b6 48. Ka1 Ke5 49. Kb2 Be6 50. Ka1 Bc4 51. Kb2 Kf5 52. Ka1 Be6 53. Kb2 Ke5 54. Ka1 Bc4 1/2-1/2


[Site "https://www.chess.com"]